 Dungeon Crawl Stone Soup version 0.21.1-1-g345015f (webtiles) character file.

121 Kairos the Shield-Bearer (level 5, -3/42 HPs)
             Began as a Formicid Fighter on Apr 7, 2018.
             Slain by an iron imp (5 damage)
             ... summoned by Natasha
             ... on level 2 of the Dungeon.
             The game lasted 00:02:22 (1390 turns).

Kairos the Shield-Bearer (Formicid Fighter)         Turns: 1390, Time: 00:02:22

Health: -3/42      AC:  6    Str: 20    XL:     5   Next: 26%
Magic:  5/5        EV:  8    Int:  8    God:
Gold:   140        SH:  9    Dex: 11    Spells: 4/4 levels left

rFire    . . .     SeeInvis +   a - +0 war axe
rCold    . . .     Gourm    .   c - +0 shield
rNeg     . . .     Faith    .   b - +0 scale mail
rPois    +         Spirit   .   (helmet unavailable)
rElec    .         Reflect  .   (no cloak)
rCorr    .         Harm     .   (no gloves)
MR       .....                  (no boots)
Stlth    ..........             (no amulet)
HPRegen  0.14/turn              i - ring of poison resistance
MPRegen  0.09/turn              (no ring)

@: drained
A: permanent stasis, dig shafts and tunnels, four strong arms, antennae 3
a: Dig, Shaft Self


You were on level 2 of the Dungeon.
You were hungry.

You visited 1 branch of the dungeon, and saw 2 of its levels.

You collected 140 gold pieces.

Inventory:

Hand Weapons
 a - a +0 war axe (weapon)
Armour
 b - a +0 scale mail (worn)
 c - a +0 shield (worn)
Jewellery
 i - a ring of poison resistance (left hand)
Scrolls
 e - 2 scrolls of identify {unknown}
 g - 2 scrolls of enchant armour {unknown}
 j - a scroll of magic mapping {unknown}
 l - a scroll of teleportation {unknown}
 n - a scroll of blinking {unknown}
Potions
 d - a potion of might
 h - a potion of berserk rage {unknown}
 k - a potion of cancellation {unknown}
 m - a potion of curing {unknown}
Comestibles
 f - 4 rations


   Skills:
 + Level 4.1(3.6) Fighting
 + Level 3.2(2.8) Axes
 + Level 3.8(3.4) Armour
 + Level 0.7(0.3) Dodging
 + Level 4.4(3.9) Shields


You had 4 spell levels left.
You didn't know any spells.

Dungeon Overview and Level Annotations

Branches:
Dungeon (2/15)

Altars:

Annotations:
D:2 Natasha


Innate Abilities, Weirdness & Mutations

You cannot be hasted, slowed, berserked, paralysed or teleported.
You can dig through walls and to a lower floor.
Your four strong arms can wield two-handed weapons with a shield.
You have a pair of large antennae on your head. (SInv)


Message History

You closely miss Natasha.
Natasha is severely wounded.
You closely miss the iron imp. Natasha casts a spell at you.
The magic dart hits you! The iron imp barely misses you.
You closely miss Natasha.
Natasha is severely wounded.
You hit the iron imp but do no damage. You block Natasha's attack.
The iron imp hits you!
* * * LOW HITPOINT WARNING * * *
Natasha barely misses you.
You closely miss Natasha.
Natasha is severely wounded.
You closely miss the iron imp. The iron imp hits you!
* * * LOW HITPOINT WARNING * * *
Natasha claws you but does no damage.
Your scale mail prevents you from hitting Natasha.
Natasha is severely wounded.
You closely miss the iron imp. The iron imp hits you.
You die...

...#
###.######..................
...#
#...................#.......
####
#.........#####...###.......
#.........# #...# ##.#....
#.........# #...# #.#....
#.........#####...# #.#....
#.............##..# #.##'##
#.#.##.....h5.##..# #.##.##
#.#.##.....@..##..# #.#....
..#..'............####.#####
...####........###>......
#.. #............... ##
#...............
#...)....#######
##.##.#......
#.#####.##.#.#######
#...................


You could see an iron imp and Natasha.

Vanquished Creatures
  Natasha (D:2)
  A worker ant (D:2)
  An adder (D:2)
  An ooze (D:1)
  2 dart slugs (D:1)
  5 giant cockroaches
  5 goblins
  10 hobgoblins
  2 jackals (D:2)
  7 bats
  4 frilled lizards
  10 kobolds
  4 rats (D:1)
53 creatures vanquished.

Notes
Turn   | Place    | Note
-------+----------+-------------------------------------------
     0 | D:1      | Kairos the Formicid Fighter began the quest for the Orb.
     0 | D:1      | Reached XP level 1. HP: 18/18 MP: 1/1
    71 | D:1      | Reached XP level 2. HP: 21/24 MP: 2/2
   237 | D:1      | Reached XP level 3. HP: 29/30 MP: 3/3
   895 | D:2      | Noticed Natasha
   899 | D:2      | Killed Natasha
   899 | D:2      | Reached XP level 4. HP: 31/37 MP: 4/4
  1090 | D:2      | Reached XP level 5. HP: 38/42 MP: 5/5
  1378 | D:2      | Noticed Natasha
  1389 | D:2      | HP: 2/42 [iron imp[Natasha] (7)]
  1390 | D:2      | Slain by an iron imp

Skill      XL: |  1  2  3  4 |
---------------+-------------+-----
Shields        | 4 |  4.4
Fighting       | 4 |  4.1
Axes           | 3 |  3.2
Armour         | |  3.8
Dodging        | |  0.7

Action                   |  1- 3 |  4- 6 || total
-------------------------+-------+-------++-------
Melee: War axe           |   105 |    54 ||   159
  Eat: Chunk             |       |     1 ||     1
Armor: Scale mail        |    51 |    31 ||    82
Dodge: Dodged            |    34 |    21 ||    55
Block: Shield            |    57 |    36 ||    93
